TOP OF THE 1ST |
Nassau Rockets batting - Pitching for Maui Tropics : LHP Mark Stewart
|
Pitching: LHP Mark Stewart
|
|
Batting: SHB Howard Parker
|
0-0: Called Strike 0-1: Foul Ball, location: 2F 0-2: Foul Ball, location: 2F 0-2: DOUBLE (Groundball, 5L)
|
Batting: RHB Francisco Rincón
|
0-0: Called Strike 0-1: Ball 1-1: Fly out, F9 (Flyball, 89M)
|
Batting: LHB Andrew Alvarado
|
0-0: Called Strike 0-1: SINGLE (Line Drive, 78S) Howard Parker to third Runner from 3rd tries for Home, SAFE, no throw or cutoff
|
Batting: LHB Doug Thompson
|
0-0: Ball 1-0: Called Strike 1-1: Ball 2-1: SINGLE (Line Drive, 4MD) Andrew Alvarado to second
|
Batting: LHB Don Ramey
|
0-0: Called Strike 0-1: Foul Ball, location: 2F 0-2: Foul Ball, location: 2F 0-2: Foul Ball, location: 2F 0-2: Foul Ball, location: 2F 0-2: Foul Ball, location: 2F 0-2: Fielders Choice at 2nd, U6 (Groundball, 6M) Andrew Alvarado to third
|
Batting: RHB José Hernández
|
0-0: Ball 1-0: Fielders Choice at 2nd, U4 (Groundball, 4M)
|
Top of the 1st over - 1 run(s), 3 hit(s), 0 error(s), 2 left on base; Nassau 1 - Maui 0 |
BOTTOM OF THE 1ST |
Maui Tropics batting - Pitching for Nassau Rockets : RHP Jason Drake
|
Pitching: RHP Jason Drake
|
|
Batting: LHB Henry Huffman
|
0-0: Called Strike 0-1: Fly out, F6 (Popup, 6D)
|
Batting: RHB Michael Woodruff
|
0-0: Called Strike 0-1: Ball 1-1: Called Strike 1-2: Strikes out swinging
|
Batting: RHB José Herrera
|
0-0: Ball 1-0: Swinging Strike 1-1: Foul Ball, location: 2F 1-2: Foul Ball, location: 2F 1-2: Ball 2-2: Ball 3-2: Foul Ball, location: 2F 3-2: Strikes out swinging
|
Bottom of the 1st over - 0 run(s), 0 hit(s), 0 error(s), 0 left on base; Nassau 1 - Maui 0 |
TOP OF THE 2ND |
Nassau Rockets batting - Pitching for Maui Tropics : LHP Mark Stewart
|
Batting: RHB Pete Harvey
|
0-0: Ball 1-0: Ball 2-0: Called Strike 2-1: Bunt missed! 2-2: Ball 3-2: Base on Balls
|
Batting: RHB Victor Andrews
|
0-0: Ball 1-0: Ball 2-0: Called Strike 2-1: SINGLE (Groundball, 56) Pete Harvey to second Pete Harvey to third
|
Batting: LHB Rafael Delgado
|
0-0: Ball 1-0: Grounds into double play, 4-6-3 (Groundball, 4) Pete Harvey scores
|
Batting: SHB Howard Parker
|
0-0: Ball 1-0: Called Strike 1-1: Ball 2-1: Swinging Strike 2-2: Foul Ball, location: 2F 2-2: Ground out 4-3 (Groundball, 4)
|
Top of the 2nd over - 1 run(s), 1 hit(s), 0 error(s), 0 left on base; Nassau 2 - Maui 0 |
BOTTOM OF THE 2ND |
Maui Tropics batting - Pitching for Nassau Rockets : RHP Jason Drake
|
Batting: LHB Luis Antonio Torres
|
0-0: Called Strike 0-1: Ball 1-1: Fly out, F7 (Flyball, 7S)
|
Batting: LHB Anacleto Morillo
|
0-0: Fly out, F8 (Flyball, 8RS)
|
Batting: RHB Luis Alou
|
0-0: Fly out, F9 (Flyball, 89M)
|
Bottom of the 2nd over - 0 run(s), 0 hit(s), 0 error(s), 0 left on base; Nassau 2 - Maui 0 |
TOP OF THE 3RD |
Nassau Rockets batting - Pitching for Maui Tropics : LHP Mark Stewart
|
Batting: RHB Francisco Rincón
|
0-0: Called Strike 0-1: Ball 1-1: Foul Ball, location: 2F 1-2: Foul Ball, location: 2F 1-2: Ball 2-2: Ground out 4-3 (Groundball, 4)
|
Batting: LHB Andrew Alvarado
|
0-0: Swinging Strike 0-1: Swinging Strike 0-2: Ground out 3-1 (Groundball, 3)
|
Batting: LHB Doug Thompson
|
0-0: Ball 1-0: Ball 2-0: SINGLE (Line Drive, 34)
|
Batting: LHB Don Ramey
|
0-0: Called Strike 0-1: Ball 1-1: SINGLE (Flyball, 8LS) Doug Thompson to second Runner from 2nd tries for 3rd, SAFE, throw made to third
|
Batting: RHB José Hernández
|
0-0: Called Strike 0-1: Swinging Strike 0-2: SINGLE (Line Drive, 56D) Doug Thompson scores Don Ramey to second
|
Batting: RHB Pete Harvey
|
0-0: Called Strike 0-1: Foul Ball, location: 2F 0-2: Ground out 6-3 (Groundball, 6)
|
Top of the 3rd over - 1 run(s), 3 hit(s), 0 error(s), 2 left on base; Nassau 3 - Maui 0 |
BOTTOM OF THE 3RD |
Maui Tropics batting - Pitching for Nassau Rockets : RHP Jason Drake
|
Batting: RHB Eugene Gill
|
0-0: Called Strike 0-1: Ball 1-1: Ball 2-1: Ball 3-1: Base on Balls
|
Batting: RHB Matt Silver
|
0-0: Foul Ball, location: 2F 0-1: Ball 1-1: Ball 2-1: DOUBLE (Line Drive, 5L) Eugene Gill to third
|
Batting: LHB Javier Espinoza
|
0-0: Swinging Strike 0-1: Ball 1-1: Ground out 6-3 (Groundball, 56) Eugene Gill scores
|
Batting: LHB Henry Huffman
|
0-0: Called Strike 0-1: Ball 1-1: Foul Ball, location: 2F 1-2: Ball 2-2: Foul Ball, location: 2F 2-2: Ball 3-2: Fly out, F8 (Flyball, 8RXD) Runner from 2nd tags up, SAFE at 3rd, no throw
|
Batting: RHB Michael Woodruff
|
0-0: Called Strike 0-1: Ball 1-1: Ball 2-1: Ball 3-1: Base on Balls
|
Batting: RHB José Herrera
|
0-0: Ball 1-0: Ball 2-0: Swinging Strike 2-1: Fly out, F1 (Line Drive, 15)
|
Bottom of the 3rd over - 1 run(s), 1 hit(s), 0 error(s), 2 left on base; Nassau 3 - Maui 1 |
TOP OF THE 4TH |
Nassau Rockets batting - Pitching for Maui Tropics : LHP Mark Stewart
|
Batting: RHB Victor Andrews
|
0-0: Ball 1-0: Called Strike 1-1: Ball 2-1: Ground out 6-3 (Groundball, 6M)
|
Batting: LHB Rafael Delgado
|
0-0: Called Strike 0-1: Fly out, F8 (Flyball, 8LM)
|
Batting: SHB Howard Parker
|
0-0: Foul Ball, location: 2F 0-1: Ground out U3 (Groundball, 3S)
|
Top of the 4th over - 0 run(s), 0 hit(s), 0 error(s), 0 left on base; Nassau 3 - Maui 1 |
BOTTOM OF THE 4TH |
Maui Tropics batting - Pitching for Nassau Rockets : RHP Jason Drake
|
Batting: LHB Luis Antonio Torres
|
0-0: Ball 1-0: Ball 2-0: Ground out U3 (Groundball, 3)
|
Batting: LHB Anacleto Morillo
|
0-0: Ball 1-0: Ball 2-0: DOUBLE (Line Drive, 5D)
|
Batting: RHB Luis Alou
|
0-0: Ball 1-0: Called Strike 1-1: Ball 2-1: Ball 3-1: Called Strike 3-2: Foul Ball, location: 2F 3-2: Foul Ball, location: 2F Error on foul ball, E5 3-2: Ground out 4-3 (Groundball, 4) Anacleto Morillo to third
|
Batting: RHB Eugene Gill
|
0-0: Called Strike 0-1: Fly out, F8 (Line Drive, 8RS)
|
Bottom of the 4th over - 0 run(s), 1 hit(s), 1 error(s), 1 left on base; Nassau 3 - Maui 1 |
TOP OF THE 5TH |
Nassau Rockets batting - Pitching for Maui Tropics : LHP Mark Stewart
|
Batting: RHB Francisco Rincón
|
0-0: Foul Ball, location: 2F 0-1: Foul Ball, location: 2F 0-2: Fly out, F8 (Flyball, 8LM)
|
Batting: LHB Andrew Alvarado
|
0-0: Foul Ball, location: 2F 0-1: Ball 1-1: Called Strike 1-2: Fly out, F6 (Line Drive, 6)
|
Batting: LHB Doug Thompson
|
0-0: Ball 1-0: Fly out, F4 (Line Drive, 4)
|
Top of the 5th over - 0 run(s), 0 hit(s), 0 error(s), 0 left on base; Nassau 3 - Maui 1 |
BOTTOM OF THE 5TH |
Maui Tropics batting - Pitching for Nassau Rockets : RHP Jason Drake
|
Batting: RHB Matt Silver
|
0-0: Foul Ball, location: 2F 0-1: Ball 1-1: TRIPLE (Flyball, 78XD)
|
Batting: LHB Javier Espinoza
|
0-0: Called Strike 0-1: Ball 1-1: Swinging Strike 1-2: Ball 2-2: Ball 3-2: Base on Balls
|
Batting: LHB Henry Huffman
|
0-0: Ball 1-0: Called Strike 1-1: Ball 2-1: Foul Ball, location: 2F 2-2: Ball 3-2: Foul Ball, location: 2F 3-2: Foul Ball, location: 2F 3-2: Strikes out swinging
|
Batting: RHB Michael Woodruff
|
0-0: Foul Ball, location: 2F 0-1: Fly out, F9 (Flyball, 9M) Runner from 3rd tags up, SCORES, no throw
|
Batting: RHB José Herrera
|
0-0: Ball 1-0: Called Strike 1-1: Ball 2-1: Fly out, F9 (Flyball, 9S)
|
Bottom of the 5th over - 1 run(s), 1 hit(s), 0 error(s), 1 left on base; Nassau 3 - Maui 2 |
TOP OF THE 6TH |
Nassau Rockets batting - Pitching for Maui Tropics : LHP Mark Stewart
|
Batting: LHB Don Ramey
|
0-0: Foul Ball, location: 2F 0-1: Ball 1-1: SINGLE (Line Drive, 9LS)
|
Batting: RHB José Hernández
|
0-0: Called Strike Don Ramey steals 2nd base 0-1: Ball 1-1: Ground out 4-3 (Groundball, 4M) Don Ramey to third
|
Batting: RHB Pete Harvey
|
0-0: Fly out, F7 (Popup, 7LS)
|
Batting: RHB Victor Andrews
|
0-0: Called Strike 0-1: Ball 1-1: Ball 2-1: Ball 3-1: Foul Ball, location: 2F 3-2: Base on Balls
|
Batting: LHB Rafael Delgado
|
0-0: Ball 1-0: Foul Ball, location: 2F 1-1: SINGLE (Line Drive, 6MD) Don Ramey scores Victor Andrews to second
|
Batting: SHB Howard Parker
|
0-0: Ball 1-0: Ball 2-0: SINGLE (Line Drive, 34) Victor Andrews to third Rafael Delgado to second Runner from 3rd tries for Home, SAFE, no throw or cutoff
|
Batting: RHB Francisco Rincón
|
0-0: Called Strike 0-1: Ball 1-1: SINGLE (Groundball, 34D) Rafael Delgado to third Howard Parker to second Runner from 3rd tries for Home, SAFE, no throw or cutoff
|
Batting: LHB Andrew Alvarado
|
0-0: Swinging Strike 0-1: Fly out, F7 (Flyball, 7M)
|
Top of the 6th over - 3 run(s), 4 hit(s), 0 error(s), 2 left on base; Nassau 6 - Maui 2 |
BOTTOM OF THE 6TH |
Maui Tropics batting - Pitching for Nassau Rockets : RHP Jason Drake
|
Batting: LHB Luis Antonio Torres
|
0-0: Swinging Strike 0-1: Ball 1-1: Foul Ball, location: 2F 1-2: Ball 2-2: Strikes out swinging
|
Batting: LHB Anacleto Morillo
|
0-0: Ball 1-0: Called Strike 1-1: Fly out, F9 (Line Drive, 9D)
|
Batting: RHB Luis Alou
|
0-0: Ground out U3 (Groundball, 3S)
|
Bottom of the 6th over - 0 run(s), 0 hit(s), 0 error(s), 0 left on base; Nassau 6 - Maui 2 |
TOP OF THE 7TH |
Nassau Rockets batting - Pitching for Maui Tropics : LHP Mark Stewart
|
Pitching: LHP Juan Garza
|
|
Batting: LHB Doug Thompson
|
0-0: Ball 1-0: Called Strike 1-1: Foul Ball, location: 2F 1-2: Ball 2-2: Ball 3-2: Ground out 3-1 (Groundball, 3L)
|
Batting: LHB Don Ramey
|
0-0: Called Strike 0-1: Ball 1-1: Foul Ball, location: 2F 1-2: Foul Ball, location: 2F 1-2: Foul Ball, location: 2F 1-2: Fly out, F6 (Popup, 8LS)
|
Batting: RHB José Hernández
|
0-0: Called Strike 0-1: DOUBLE (Line Drive, 8RM)
|
Batting: RHB Pete Harvey
|
0-0: Ball 1-0: Foul Ball, location: 2F 1-1: Ball 2-1: Foul Ball, location: 2F 2-2: Foul Ball, location: 2F 2-2: Ball 3-2: Foul Ball, location: 2F 3-2: SINGLE (Groundball, 56S) José Hernández to third José Hernández scores
|
Batting: RHB Victor Andrews
|
0-0: Ball 1-0: Foul Ball, location: 2F 1-1: Called Strike 1-2: Foul Ball, location: 2F 1-2: SINGLE (Flyball, 6MD) Pete Harvey to second Runner from 2nd tries for 3rd, SAFE, throw made to third
|
Batting: LHB Rafael Delgado
|
0-0: Foul Ball, location: 2F 0-1: Ball 1-1: Ground out 1-3 (Groundball, 15S)
|
Top of the 7th over - 1 run(s), 3 hit(s), 0 error(s), 2 left on base; Nassau 7 - Maui 2 |
BOTTOM OF THE 7TH |
Maui Tropics batting - Pitching for Nassau Rockets : RHP Jason Drake
|
Pitching: RHP Terry Adams
|
|
Batting: RHB Eugene Gill
|
0-0: Ball 1-0: Swinging Strike 1-1: Foul Ball, location: 2F 1-2: Ground out 2-3 (Groundball, 15S)
|
Batting: RHB Matt Silver
|
0-0: Foul Ball, location: 2F 0-1: Ground out 6-3 (Groundball, 6)
|
Batting: LHB Javier Espinoza
|
0-0: Foul Ball, location: 2F 0-1: Swinging Strike 0-2: Ball 1-2: Ball 2-2: Strikes out swinging
|
Bottom of the 7th over - 0 run(s), 0 hit(s), 0 error(s), 0 left on base; Nassau 7 - Maui 2 |
TOP OF THE 8TH |
Nassau Rockets batting - Pitching for Maui Tropics : LHP Juan Garza
|
Batting: SHB Howard Parker
|
0-0: Called Strike 0-1: Ball 1-1: Foul Ball, location: 2F 1-2: Ground out 4-3 (Groundball, 4)
|
Batting: RHB Francisco Rincón
|
0-0: Called Strike 0-1: Foul Ball, location: 2F 0-2: Ball 1-2: Ball 2-2: Fly out, F8 (Flyball, 8RM)
|
Batting: LHB Andrew Alvarado
|
0-0: Ball 1-0: Called Strike 1-1: Foul Ball, location: 2F 1-2: Foul Ball, location: 2F 1-2: Strikes out swinging
|
Top of the 8th over - 0 run(s), 0 hit(s), 0 error(s), 0 left on base; Nassau 7 - Maui 2 |
BOTTOM OF THE 8TH |
Maui Tropics batting - Pitching for Nassau Rockets : RHP Terry Adams
|
Batting: LHB Henry Huffman
|
0-0: Fly out, F8 (Popup, 8RS)
|
Batting: RHB Michael Woodruff
|
0-0: Called Strike 0-1: Foul Ball, location: 2F 0-2: Ground out 4-3 (Groundball, 34)
|
Batting: RHB José Herrera
|
0-0: SOLO HOME RUN (Flyball, 7D), Distance : 352 ft
|
Batting: LHB Luis Antonio Torres
|
0-0: Ball 1-0: Ball 2-0: Ball 3-0: Called Strike 3-1: Base on Balls
|
Batting: LHB Anacleto Morillo
|
0-0: Foul Ball, location: 2F 0-1: Ball Wild Pitch! Luis Antonio Torres to second 1-1: Swinging Strike 1-2: Ground out 1-3 (Groundball, 13)
|
Bottom of the 8th over - 1 run(s), 1 hit(s), 0 error(s), 1 left on base; Nassau 7 - Maui 3 |
BOTTOM OF THE 9TH |
Maui Tropics batting - Pitching for Nassau Rockets : RHP Terry Adams
|
Batting: RHB Luis Alou
|
0-0: Ball 1-0: SINGLE (Groundball, 56D)
|
Batting: RHB Eugene Gill
|
0-0: Swinging Strike 0-1: Ground out 5-3 (Groundball, 56S) Luis Alou to second
|
Batting: RHB Matt Silver
|
0-0: Ball 1-0: Called Strike 1-1: Foul Ball, location: 2F 1-2: Foul Ball, location: 2F 1-2: Strikes out swinging
|
Batting: LHB Javier Espinoza
|
0-0: Ball 1-0: Foul Ball, location: 2F 1-1: Ball 2-1: Ball 3-1: Base on Balls
|
Batting: LHB Henry Huffman
|
0-0: Called Strike 0-1: Ball 1-1: Called Strike 1-2: Foul Ball, location: 2F 1-2: Ground out U3 (Groundball, 3S)
|
Bottom of the 9th over - 0 run(s), 1 hit(s), 0 error(s), 2 left on base; Nassau 9 - Maui 3 |
|